 Dungeon Crawl Stone Soup version 0.27.0-66-gdc8fb28755 (webtiles) character file.

Game seed: 2551683134834578417

843 Spectrina the Covert (level 7, 0/45 HPs)
             Began as a Vampire Delver on Aug 20, 2021.
             Was a Follower of Yredelemnul.
             Succumbed to a scorpion's poison
             ... in an ossuary.
             The game lasted 00:13:49 (1375 turns).

Spectrina the Covert (Vampire Delver)               Turns: 1375, Time: 00:13:50

Health: 0/45       AC:  6    Str: 11    XL:     7   Next: 68%
Magic:  10/10      EV: 12    Int: 13    God:    Yredelemnul [*.....]
Gold:   7          SH:  0    Dex: 17    Spells: 6/6 levels left

rFire    . . .     SeeInvis +   q - +0 quarterstaff
rCold    + . .     Faith    .   (shield currently unavailable)
rNeg     . . .     Spirit   .   b - +0 leather armour
rPois    .         Reflect  .   (no helmet)
rElec    .         Harm     .   (no cloak)
rCorr    .         Rampage  .   (no gloves)
Will     .....                  u - +2 pair of boots
Stlth    +++++.....             (no amulet)
HPRegen  0.35/turn              A - ring of protection from cold
MPRegen  0.12/turn              (no ring)

@: lethally poisoned (0 -> -15), healing quickly
A: alive, fangs 3, see invisible, vampiric 2, [frail 1]
a: Exsanguinate, Renounce Religion, Animate Remains


You were in an ossuary.
You worshipped Yredelemnul.
Yredelemnul was aware of your devotion.
You visited 1 branch of the dungeon, and saw 6 of its levels.
You also visited: Ossuary.

You collected 151 gold pieces.
You spent 144 gold pieces at shops.

Inventory:

Hand Weapons
 a - a +0 short sword
 p - a +0 hunting sling
 q - a +0 quarterstaff (weapon)
 z - a +0 shortbow
Missiles
 h - 16 poisoned darts (quivered)
 i - a throwing net
 l - 79 stones
 m - 58 sling bullets
 t - 2 boomerangs
 x - 19 bolts
 y - 18 arrows
Armour
 b - a +0 leather armour (worn)
 n - a +0 kite shield
 u - a +2 pair of boots (worn)
Jewellery
 A - a ring of protection from cold (left hand)
Wands
 g - a wand of digging (3)
 j - a wand of flame (15)
Scrolls
 c - a scroll of fog
 d - a scroll of magic mapping
 e - a scroll of vulnerability
 k - 2 scrolls of teleportation
 o - a scroll of blinking
 r - 2 scrolls of enchant weapon
 s - 3 scrolls of identify
 v - a scroll of immolation
 w - a scroll of fear
Potions
 f - a potion of haste


   Skills:
 - Level 2.6 Fighting
 - Level 2.1 Short Blades
 - Level 2.1 Dodging
 + Level 12.2 Stealth
 + Level 5.0 Invocations


You had 6 spell levels left.
You didn't know any spells.
Your spell library contained the following spells:

 Spells                   Type           Power      Damage    Failure   Level
 Gell's Gravitas          Tloc           0%         N/A       77%         3
 Lesser Beckoning         Tloc           0%         N/A       77%         3
 Teleport Other           Tloc           0%         N/A       77%         3


Dungeon Overview and Level Annotations

Branches:
Dungeon (7/15)            Ossuary (1/1)
 Temple: D:4-7

Altars:
Dithmenos
Nemelex Xobeh
Qazlal
Yredelemnul

Shops:
D:3 :   D:7 ?:


Innate Abilities, Weirdness & Mutations

Your natural rate of healing is accelerated.
You have razor-sharp teeth.
You have supernaturally acute eyesight. (SInv)
You are afflicted with vampirism and can become a bat while bloodless.
[You are frail. (-10% HP)]


Message History

The helpless orc zombie fails to defend itself.
You perforate the orc zombie like a sieve!!!
You destroy the orc zombie!
Yredelemnul accepts your kill.
q - a +0 quarterstaff (weapon)
You hit the scorpion. Your bite misses the scorpion.
The scorpion is moderately wounded.
The scorpion stings you. The scorpion barely misses you.
You sock the scorpion!
The scorpion is severely wounded.
The scorpion closely misses you.
You hit the scorpion.
The scorpion is almost dead.
The scorpion stings you! The scorpion stings you.
You barely miss the scorpion.
The scorpion is almost dead.
The scorpion stings you.
* * * LOW HITPOINT WARNING * * *
Unknown command.
You hit the scorpion but do no damage.
The scorpion is severely wounded.
The scorpion stings you.
* * * LOW HITPOINT WARNING * * *
You are poisoned.
The scorpion poisons you! The scorpion misses you.
Unknown command.
You hit the scorpion but do no damage.
The scorpion is severely wounded.
* * * LOW HITPOINT WARNING * * *
You feel very sick. The scorpion stings you.
* * * LOW HITPOINT WARNING * * *
You are more poisoned.
The scorpion poisons you! The scorpion barely misses you.
Okay, then.
You sock the scorpion!
You kill the scorpion!
Yredelemnul accepts your kill.
You die...
Yredelemnul claims you as an undead slave.

.?#...#.......#
.!#...'...8...#
!.#...#...#...#
####'###########+##
#.....#...#...#...#
#.....#...'...8...#
8.....#...#.......#
......##'###8..†8##
......#...#.....@.#
...8###...#...8...#
......#...#...#...#
......##'#######+##
8.....#...#M?!#
#.....'...#!..+
#....†#...#...#
###############


There were no monsters in sight!

Vanquished Creatures
  A centaur (D:7)
  2 bullfrogs (D:7)
  4 scorpions
  4 centaur zombies
  A human zombie (Ossuary)
  2 hounds
  An orc priest (D:3)
  A jelly (D:7)
  4 scorpion zombies
  A hound skeleton (D:4)
  A howler monkey zombie (D:3)
  3 adders
  An ufetubus (D:4)
  An adder skeleton (D:4)
  An adder zombie (D:3)
  2 dart slugs (D:3)
  An orc (D:4)
  3 giant cockroaches (D:3)
  A gnoll zombie (Ossuary)
  2 hobgoblins
  3 ball pythons
  A bat (D:3)
  A frilled lizard (D:3)
  A goblin (D:3)
  A goblin zombie (Ossuary)
  A hobgoblin zombie (Ossuary)
  A kobold (D:3)
  2 kobold zombies (Ossuary)
  2 orc zombies (Ossuary)
  A quokka zombie (D:3)
  A rat (D:3)
52 creatures vanquished.

Notes
Turn   | Place    | Note
-------+----------+-------------------------------------------
     0 | D:5      | Spectrina the Vampire Delver began the quest for the Orb.
     0 | D:5      | Reached XP level 1. HP: 17/17 MP: 1/1
    25 | D:5      | Noticed a water moccasin
    81 | D:4      | Noticed a scorpion
    83 | D:4      | Reached XP level 2. HP: 17/18 MP: 2/2
   132 | D:3      | Reached skill level 8 in Stealth
   197 | D:3      | Found a basalt altar of Yredelemnul.
   203 | D:3      | Gained mutation: You are afflicted with vampirism and can
                  | become a bat while bloodless. [Vampire growth]
   203 | D:3      | Reached XP level 3. HP: 22/22 MP: 3/3
   205 | D:3      | Became a worshipper of Yredelemnul the Dark
   210 | D:3      | Reached skill level 9 in Stealth
   225 | D:3      | Reached skill level 1 in Invocations
   225 | D:3      | Reached XP level 4. HP: 27/27 MP: 4/4
   411 | D:3      | Found Idoosk's Book Shoppe.
   455 | D:3      | Reached XP level 5. HP: 31/31 MP: 6/6
   522 | D:3      | Found a shadowy altar of Dithmenos.
   522 | D:3      | Found a stormy altar of Qazlal.
   654 | D:4      | Found a sparkling altar of Nemelex Xobeh.
   696 | D:4      | Reached skill level 10 in Stealth
   718 | D:4      | Reached * piety under Yredelemnul
   730 | D:4      | You fall into a shaft and drop 3 floors!
   736 | D:7      | Reached XP level 6. HP: 18/36 MP: 8/8
   750 | D:7      | Found Jeta Luthecw's Book Boutique.
   927 | D:7      | Reached skill level 11 in Stealth
   957 | D:7      | Reached XP level 7. HP: 33/40 MP: 8/10
   980 | D:7      | Found Cagiekly's Magic Scroll Shop.
   986 | D:7      | Bought a scroll of identify for 32 gold pieces
   986 | D:7      | Bought a scroll of identify for 32 gold pieces
   986 | D:7      | Bought a scroll of teleportation for 48 gold pieces
   986 | D:7      | Bought a scroll of identify for 32 gold pieces
  1074 | D:7      | Found a sand-covered staircase.
  1083 | Ossuary  | Entered an ossuary
  1237 | Ossuary  | Reached skill level 12 in Stealth
  1294 | Ossuary  | HP: 2/45 [human zombie (1)]
  1363 | Ossuary  | Reached skill level 5 in Invocations
  1375 | Ossuary  | Succumbed to a scorpion's poison

Illustrated notes

Levels and vault maps discovered:
D:2:      layout_basic, kennysheep_decorative_pillar, grunt_decor_mini_mirrors
D:3:      layout_loops_ring, amethyst_overflow_temple_binary,
          nicolae_yredelemnul_corpse_copse, serial_shops, nicolae_square_shop
D:4:      layout_basic, mainiacjoe_overflow_six_doors_small,
          minmay_temple_entry_statues_fountains, uniq_crazy_yiuf_cottage
D:5:      kennysheep_big_flooded_room, layout_cave_pools,
          okawaru_altar_gauntlet_db, serial_shops, shop, st_stairs_12,
          grunt_ministairs_1, minmay_chambers_of_fives
D:6:      layout_loops_ring, serial_shops, shop
D:7:      layout_basic, nicolae_ossuary_entry_ruins, serial_shops,
          shop_fountains, shop_fountains
Ossuary:  ossuary_minmay_scorpions

Skill      XL: |  1  2  3  4  5  6  7 |
---------------+----------------------+-----
Stealth        | 8 9 10 11 12 | 12.2
Invocations    | 1 2 3 4 5 |  5.0
Fighting       | |  2.6
Short Blades   | |  2.1
Dodging        | |  2.1

Action                   |  1- 3 |  4- 6 |  7- 9 || total
-------------------------+-------+-------+-------++-------
Melee: Short sword       |    16 |    75 |    22 ||   113
       Bite              |     1 |     4 |     9 ||    14
       Quarterstaff      |       |       |    55 ||    55
 Abil: Exsanguinate      |     1 |       |       ||     1
       Revivify          |       |       |     1 ||     1
Evoke: Wand              |       |     6 |       ||     6
  Use: Potion            |       |     3 |     1 ||     4
       Scroll            |       |     1 |     5 ||     6
 Stab: Sleeping          |    10 |    17 |    10 ||    37
Armor: Leather armour    |       |    43 |    27 ||    70
Dodge: Dodged            |     2 |    52 |    57 ||   111
